 Dungeon Crawl Stone Soup version 0.21.0-3-g78d12a8 (webtiles) character file.

68737 inmateoo the Bludgeoner (level 15, -2/97 HPs)
             Began as a Gargoyle Necromancer on Jan 17, 2018.
             Was the Champion of Okawaru.
             Slain by an enormous slime creature (48 damage)
             ... summoned by a boggart
             ... on level 14 of the Dungeon.
             The game lasted 00:39:09 (21265 turns).

inmateoo the Bludgeoner (Gargoyle Necromancer)     Turns: 21265, Time: 00:39:10

Health: -2/97      AC: 44    Str: 18    XL:     15   Next: 27%
Magic:  18/18      EV: 14    Int: 24    God:    Okawaru [******]
Gold:   1288       SH:  0    Dex: 13    Spells: 12/18 levels left

rFire    + . .     SeeInvis .   z - +3 great mace (flame)
rCold    x . .     Gourm    .   (shield currently unavailable)
rNeg     + . .     Faith    .   G - +11 chain mail of Qerghesa {rCorr Str+2}
rPois    ∞         Spirit   .   A - +5 helmet of the Slorg {Int+4}
rElec    +         Reflect  .   C - scarf {repulsion}
rCorr    +         Harm     .   R - +1 pair of gloves {Dex+3}
MR       +....                  l - +0 pair of boots
Stlth    ..........             I - amulet of regeneration
HPRegen  0.66/turn              y - ring of fire
MPRegen  0.16/turn              K - +4 ring of evasion

@: repel missiles
A: big wings, clever 1, mutation resistance 1, negative energy resistance 1,
electricity resistance, unbreathing, petrification resistance, rot immunity, AC
+11
a: Fly, Heroism, Finesse, Renounce Religion


You were on level 14 of the Dungeon.
You worshipped Okawaru.
Okawaru was exalted by your worship.
You were not hungry.

You visited 3 branches of the dungeon, and saw 21 of its levels.
You also visited: Labyrinth.

You collected 1288 gold pieces.

Inventory:

Hand Weapons
 e - a +0 whip of electrocution
 z - a +3 great mace of flaming (weapon)
Armour
 l - a +0 pair of boots (worn)
 v - the +1 pair of gloves of Winter {rN++ rCorr Str-2}
   (You acquired it on level 4 of the Lair of Beasts)

   It affects your strength (-2).
   It greatly protects you from negative energy.
   It protects you from acid and corrosion.
 A - the +5 helmet of the Slorg (worn) {Int+4}
   (You found it on level 6 of the Lair of Beasts)

   It affects your intelligence (+4).
 C - a scarf of repulsion (worn)
 G - the +11 chain mail of Qerghesa (worn) {rCorr Str+2}
   (Okawaru gifted it to you on level 1 of the Lair of Beasts)

   It affects your strength (+2).
   It protects you from acid and corrosion.
 R - a +1 pair of gloves of dexterity (worn)
Jewellery
 g - an uncursed ring of ice
 s - a +3 ring of evasion
 y - a ring of fire (left hand)
 H - an uncursed ring of positive energy
 I - an amulet of regeneration (around neck)
 K - a +4 ring of evasion (right hand)
Wands
 b - a wand of digging (24)
 j - a wand of acid (20)
 o - a wand of iceblast (13)
 x - a wand of paralysis (12)
 F - a wand of scattershot (3)
 J - a wand of flame (57)
Scrolls
 d - 3 scrolls of fog
 h - 3 scrolls of magic mapping
 i - 4 scrolls of fear
 k - 13 scrolls of teleportation
 m - 11 scrolls of remove curse
 r - a scroll of holy word
 u - 4 scrolls of identify
 B - 4 scrolls of amnesia
 D - 3 scrolls of enchant armour
Potions
 a - 9 potions of curing
 f - 2 potions of magic
 n - 5 potions of lignification
 p - 2 potions of mutation
 q - 7 potions of agility
 t - a potion of brilliance
 w - 2 potions of flight
 E - a potion of ambrosia
 P - 3 potions of heal wounds
Comestibles
 c - 33 rations


   Skills:
 + Level 12.6 Fighting
 * Level 18.8 Maces & Flails
 + Level 11.0 Armour
 * Level 6.1 Dodging
 - Level 2.1 Stealth
   Level 4.0 Shields
 - Level 2.0 Spellcasting
 - Level 3.2 Necromancy


You had 12 spell levels left.
You knew the following spells:

 Your Spells              Type           Power        Failure   Level  Hunger
a - Pain                  Necr           ###.         26%         1    #......
b - Blink                 Tloc           N/A          82%         2    ##.....
c - Regeneration          Chrm/Necr      ##........   83%         3    ###....


Dungeon Overview and Level Annotations

Branches:
Dungeon (14/15)            Temple (1/1) D:5            Lair (6/6) D:11
  Swamp (0/4) Lair:3       Spider (0/4) Lair:2        Slime (0/5) Lair:6
    Orc (0/2) D:9          Vaults (0/5) D:13

Altars:
Cheibriados
Dithmenos
Elyvilon
Fedhas
Gozag
Kikubaaqudgha
Makhleb
Nemelex Xobeh
Okawaru
Qazlal
Ru
Sif Muna
Trog
Uskayaw
Vehumet
Wu Jian
Xom
Yredelemnul
Zin
The Shining One
Beogh
Jiyva

Shops:
D:4 *   D:11 [

Annotations:
D:3 inmateoo's ghost, amateur GrNe


Innate Abilities, Weirdness & Mutations

You are resistant to torment.
Your stone body is resilient. (AC +11)
You are immune to poison.
Your large and strong wings let you fly indefinitely.
You resist negative energy. (rN+)
You are resistant to electric shocks. (rElec)
You can survive without breathing.
You are immune to petrification.
You are immune to rotting.
Your mind is acute. (Int +2)
You are somewhat resistant to further mutation.


Message History

Two slime creatures merge to form a very large slime creature.
You barely miss the very large slime creature.
The very large slime creature is moderately wounded.
Two slime creatures merge to form an enormous slime creature.
Something hits you but does no damage. The wight misses you.
You hear some strange, mumbled words.
Unknown command.
You bludgeon something!! You burn something. Okawaru accepts your kill.
Reactivating autopickup.
The wight dissolves into shadows!
The ogre dissolves into shadows!
The centaur warrior zombie dissolves into shadows!
The wight dissolves into shadows! x2; You feel a bit more experienced.
Unknown command.
Deactivating autopickup; reactivate with Ctrl-A.
You barely miss something. The enormous slime creature hits you!!!
Something hits you but does no damage. The boggart completely misses you.
Unknown command.
You closely miss the boggart. The enormous slime creature hits you!!!
You die...

..............
.............
............ ..
...........
...##..5c......
....JK4{.....
#.g†J3..# # #@#
..##. #†#####
#....###.#...#
#.# ...........#
#.# #.........#
####.#
#.........#
##....#
..##.........#
#.....##
.............#
#......#
##.##....#.....#
#......#


You could see an enormous slime creature, a centaur warrior, a rust devil, a
kobold demonologist, a smoke demon, a boggart, a jelly and a white imp.

Vanquished Creatures
  The ghost of Baril the Geomancer, a journeyman GrEE of Vehumet (Lair:6)
  A minotaur (Lab)
  A fire dragon (Lair:6)
  The ghost of inmateoo the Basher, a journeyman GrNe of Okawaru (D:13)
  9 hydras
  A two-headed ogre (D:10)
  2 tengu warriors
  4 death yaks (Lair:6)
  Urug (Lair:3)
  A fire crab (Lair:6)
  Pikel (D:5)
  4 oklob plants
  A deep elf mage (D:13)
  An ugly thing (D:9)
  13 elephants
  2 cyclopes
  4 black mambas
  A centaur zombie (D:12)
  2 molten gargoyles (Lair:6)
  A torpor snail (Lair:6)
  17 spiny frogs
  A rime drake (Lair:6)
  12 komodo dragons
  3 kobold demonologists
  A meliai (shapeshifter) (D:13)
  2 tengu conjurers
  A troll (shapeshifter) (D:13)
  2 jumping spiders (Lair:2)
  7 trolls
  7 blink frogs
  10 slime creatures
  A hornet (D:12)
  Grinder (D:5)
  10 hippogriffs
  17 dream sheep
  4 shadows
  2 redbacks
  2 wraiths
  31 yaks
  2 steam dragons (Lair:6)
  3 basilisks
  7 wyverns
  2 hungry ghosts (Lab)
  A warg (Lair:2)
  A swamp worm (shapeshifter) (D:13)
  An acid dragon (D:14)
  19 water moccasins
  7 porcupines
  Duvessa (D:7)
  5 hell hounds (Lair:6)
  4 sky beasts
  4 orc warriors
  6 black bears
  A slave (D:5)
  4 ice beasts
  A hornet zombie (D:14)
  4 phantoms
  3 ogres
  20 wolves
  6 boggarts (D:14)
  2 eyes of draining
  7 centaurs
  17 crocodiles
  13 bullfrogs
  7 big kobolds
  Dowan (D:7)
  A scorpion (D:4)
  18 wights
  An electric eel (Lair:1)
  7 howler monkeys
  6 crimson imps
  5 lava snakes (Lair:6)
  A quasit (D:9)
  A bullfrog zombie (D:12)
  3 jellies
  2 bullfrog skeletons
  3 hounds
  7 orc wizards
  7 orc priests
  5 centaur skeletons
  4 iguanas
  5 hell rats (Lair:5)
  15 worker ants
  3 hound zombies
  A hound skeleton (D:4)
  A worker ant zombie (D:11)
  3 gnolls (D:9)
  7 adders
  A shadow imp (D:7)
  2 oozes
  An adder zombie (D:10)
  3 adder skeletons
  A worm (D:2)
  A dart slug (D:2)
  5 leopard geckos
  42 orcs
  6 bats
  3 giant cockroaches
  5 goblins
  3 hobgoblins
  16 jackals
  55 kobolds
  6 quokkas
  A frilled lizard (D:1)
  2 quokka zombies (D:9)
  11 rats
  3 plants
605 creatures vanquished.

Vanquished Creatures (collateral kills)
  2 hippogriffs (Lair:6)
  3 yaks (Lair:6)
  A water moccasin (Lair:6)
6 creatures vanquished.

Vanquished Creatures (others)
  3 slaves (D:5)
  A centaur (D:11)
  A worker ant (D:5)
  A hound zombie (D:5)
  2 orcs (D:5)
  A kobold (D:11)
  A bush (Lair:6)
  45 fungi
  14 plants
69 creatures vanquished.

Grand Total: 680 creatures vanquished

Notes
Turn   | Place    | Note
-------+----------+-------------------------------------------
     0 | D:1      | inmateoo the Gargoyle Necromancer began the quest for the Orb.
     0 | D:1      | Reached XP level 1. HP: 10/10 MP: 3/3
   336 | D:1      | Reached skill level 1 in Fighting
   336 | D:1      | Reached skill level 1 in Maces & Flails
   336 | D:1      | Reached XP level 2. HP: 8/16 MP: 5/5
  1107 | D:1      | Reached XP level 3. HP: 20/20 MP: 6/6
  1153 | D:2      | Reached skill level 2 in Maces & Flails
  1486 | D:2      | Reached XP level 4. HP: 24/26 MP: 7/7
  1491 | D:2      | Reached skill level 3 in Maces & Flails
  1901 | D:3      | Noticed inmateoo's ghost (amateur GrNe)
  2641 | D:4      | Reached skill level 4 in Maces & Flails
  2641 | D:4      | Reached XP level 5. HP: 23/30 MP: 8/8
  2808 | D:4      | Found Butiwone's Assorted Antiques.
  2955 | D:4      | Noticed a phantom
  3881 | D:4      | Killed a phantom
  3881 | D:4      | Reached skill level 5 in Maces & Flails
  3881 | D:4      | Reached XP level 6. HP: 13/35 MP: 9/9
  4217 | D:4      | Found an ornate altar of the Wu Jian Council.
  4676 | D:4      | Reached skill level 6 in Maces & Flails
  4773 | D:5      | Entered Level 5 of the Dungeon
  4799 | D:5      | Noticed a slave
  4799 | D:5      | Noticed a slave
  4800 | D:5      | Noticed Pikel
  4800 | D:5      | Noticed a slave
  4803 | D:5      | Noticed a slave
  4818 | D:5      | Killed a slave
  4825 | D:5      | Killed Pikel
  4825 | D:5      | Reached skill level 7 in Maces & Flails
  4825 | D:5      | Reached XP level 7. HP: 43/43 MP: 10/10
  4849 | D:5      | Reached XP level 8. HP: 48/48 MP: 11/11
  5015 | D:5      | Noticed Grinder
  5047 | D:5      | Killed Grinder
  5047 | D:5      | Reached skill level 8 in Maces & Flails
  5124 | D:5      | Found a staircase to the Ecumenical Temple.
  5142 | Temple   | Entered the Ecumenical Temple
  5192 | Temple   | Became a worshipper of Warmaster Okawaru
  5449 | D:6      | Found a bloodstained altar of Trog.
  5480 | D:5      | Reached skill level 5 in Fighting
  5660 | D:6      | Reached skill level 9 in Maces & Flails
  5999 | D:6      | Reached * piety under Okawaru
  6085 | D:6      | Reached skill level 10 in Maces & Flails
  6085 | D:6      | Reached XP level 9. HP: 51/54 MP: 12/12
  6104 | D:6      | Reached skill level 1 in Armour
  6104 | D:6      | Reached skill level 1 in Shields
  6129 | D:6      | Found a blossoming altar of Fedhas.
  6932 | D:7      | Noticed a troll
  6945 | D:7      | Killed a troll
  6945 | D:7      | Reached ** piety under Okawaru
  7046 | D:7      | Got a dazzling rapier
  7047 | D:7      | Identified the +8 rapier of Mutilation {drain, +Inv rF+} (You found it on level 7 of the Dungeon)
  7174 | D:7      | Noticed Duvessa
  7174 | D:7      | Noticed Dowan
  7184 | D:7      | Killed Duvessa
  7189 | D:7      | Killed Dowan
  7497 | D:7      | Reached *** piety under Okawaru
  7912 | D:8      | Reached XP level 10. HP: 60/60 MP: 13/13
  8010 | D:8      | Reached skill level 11 in Maces & Flails
  8592 | D:9      | Found a staircase to the Orcish Mines.
  8683 | D:9      | Noticed a purple ugly thing
  8725 | D:9      | Killed a purple ugly thing
  9003 | D:9      | Reached **** piety under Okawaru
  9309 | D:9      | Found a roughly hewn altar of Beogh.
  9346 | D:10     | Entered Level 10 of the Dungeon
  9380 | D:9      | Reached skill level 5 in Armour
  9407 | D:10     | Reached skill level 12 in Maces & Flails
  9413 | D:10     | Noticed a tengu warrior
  9557 | D:9      | Killed a tengu warrior
  9572 | D:9      | Reached XP level 11. HP: 45/68 MP: 12/14
  9888 | D:10     | Noticed a two-headed ogre
  9896 | D:10     | Killed a two-headed ogre
  9896 | D:10     | Reached skill level 13 in Maces & Flails
 10197 | D:11     | Reached ***** piety under Okawaru
 10223 | D:11     | Noticed a tengu warrior
 10258 | D:11     | Received a gift from Okawaru
 10261 | D:11     | Got a crystal rapier {god gift}
 10262 | D:11     | Identified the +6 rapier "Newtslayer" {drain, Str+3} (Okawaru gifted it to you on level 11 of the Dungeon)
 10281 | D:11     | Killed a tengu warrior
 10351 | D:11     | Found Hannat's Armour Boutique.
 10469 | D:11     | Reached skill level 14 in Maces & Flails
 10806 | D:11     | Found a staircase to the Lair.
 11192 | D:12     | Noticed a sixfirhy
 11321 | D:12     | Noticed a cyclops
 11338 | D:12     | Killed a cyclops
 11338 | D:12     | Received a gift from Okawaru
 11579 | D:12     | Reached skill level 15 in Maces & Flails
 11594 | D:12     | Received a gift from Okawaru
 11627 | D:12     | Noticed a four-headed hydra
 11656 | D:12     | HP: 1/68 [four-headed hydra (8)]
 11719 | D:12     | Killed a four-headed hydra
 11719 | D:12     | Reached XP level 12. HP: 33/74 MP: 15/15
 12256 | D:12     | Learned a level 2 spell: Blink
 12260 | D:12     | Learned a level 3 spell: Regeneration
 12484 | D:13     | Found a labyrinth entrance.
 12516 | Lab      | Entered a labyrinth
 13606 | Lab      | Noticed a minotaur
 13617 | Lab      | Killed a minotaur
 13617 | Lab      | Received a gift from Okawaru
 13633 | Lab      | Found the +8 Wrath of Trog {antimagic, *Rage}
 13633 | Lab      | Got a brightly glowing tin ring
 13696 | D:13     | Identified the ring "Meadagg" {Ice rElec Str+4 Int-3} (You found it in a labyrinth)
 13761 | D:13     | Noticed inmateoo's ghost (journeyman GrNe)
 13789 | D:13     | Killed inmateoo's ghost
 14217 | Lair:1   | Entered Level 1 of the Lair of Beasts
 14359 | Lair:1   | Reached skill level 16 in Maces & Flails
 14448 | Lair:1   | Reached ****** piety under Okawaru
 14461 | Lair:1   | Received a gift from Okawaru
 14478 | Lair:1   | Got a fine chain mail {god gift}
 14491 | Lair:1   | Identified the +11 chain mail of Qerghesa {rCorr Str+2} (Okawaru gifted it to you on level 1 of the Lair of Beasts)
 14615 | Lair:1   | Noticed a four-headed hydra
 14622 | Lair:1   | Killed a four-headed hydra
 14872 | Lair:1   | Reached XP level 13. HP: 77/82 MP: 16/16
 15106 | Lair:2   | Reached skill level 10 in Fighting
 15425 | Lair:2   | Found a hole to the Spider Nest.
 16352 | Lair:3   | Noticed Urug
 16368 | Lair:3   | Killed Urug
 16368 | Lair:3   | Reached skill level 17 in Maces & Flails
 16436 | Lair:3   | Found a staircase to the Swamp.
 16685 | Lair:3   | Gained mutation: You are somewhat resistant to further mutation. [potion of mutation]
 16685 | Lair:3   | Gained mutation: Your mind is acute. (Int +2) [potion of mutation]
 17199 | Lair:4   | Received a gift from Okawaru
 17357 | Lair:4   | Identified a scroll of acquirement
 17358 | Lair:4   | Got a pair of scorched gloves
 17369 | Lair:4   | Identified the +1 pair of gloves of Winter {rN++ rCorr Str-2} (You acquired it on level 4 of the Lair of Beasts)
 18029 | Lair:5   | Gained mutation: Your large and strong wings let you fly indefinitely. [Gargoyle growth]
 18029 | Lair:5   | Reached XP level 14. HP: 90/90 MP: 17/17
 18778 | Lair:6   | Entered Level 6 of the Lair of Beasts
 18795 | Lair:6   | Reached skill level 10 in Armour
 18854 | Lair:6   | Received a gift from Okawaru
 18854 | Lair:6   | Reached skill level 18 in Maces & Flails
 19034 | Lair:6   | Noticed Baril's ghost (journeyman GrEE)
 19053 | Lair:6   | Killed Baril's ghost
 19438 | Lair:6   | Found a staircase to the Slime Pits.
 19438 | Lair:6   | Found a viscous altar of Jiyva.
 19498 | Lair:6   | Got an ichor-stained helmet
 19509 | Lair:6   | Identified the +5 helmet of the Slorg {Int+4} (You found it on level 6 of the Lair of Beasts)
 19592 | Lair:6   | Reached skill level 5 in Dodging
 19609 | Lair:6   | Received a gift from Okawaru
 19717 | Lair:6   | Found a large runed door.
 19753 | Lair:6   | Reached XP level 15. HP: 97/97 MP: 18/18
 19793 | Lair:6   | Found a large runed door.
 20651 | D:13     | Found a gate to the Vaults.
 21140 | D:14     | Found a white marble altar of Elyvilon.
 21265 | D:14     | Slain by an enormous slime creature

Skill      XL: |  1  2  3  4  5  6  7  8  9 10 11 12 13 14 15 |
---------------+----------------------------------------------+-----
Fighting       | 1 2 4 5 6 8 9 11 12 | 12.6
Maces & Flails | 1 2 4 5 7 10 12 15 16 17 18 | 18.8
Armour         | 3 5 7 9 10 11 | 11.0
Shields        | 3 4 |  4.0
Dodging        | 3 5 6 |  6.1
Stealth        | |  2.1
Spellcasting   | |  2.0
Necromancy     | |  3.2

Action                   |  1- 3 |  4- 6 |  7- 9 | 10-12 | 13-15 || total
-------------------------+-------+-------+-------+-------+-------++-------
Melee: Dagger            |   133 |   185 |       |       |       ||   318
       Whip              |    11 |   370 |   345 |   443 |       ||  1169
       Mace              |       |     8 |       |    25 |       ||    33
       Rapier            |       |       |    58 |   401 |       ||   459
       Great mace        |       |       |       |   228 |  1001 ||  1229
 Cast: Pain              |     1 |       |       |       |       ||     1
Invok: Heroism           |       |       |       |     4 |     2 ||     6
 Abil: Fly               |       |       |       |       |     1 ||     1
       Stop Flying       |       |       |       |       |     1 ||     1
Evoke: Wand              |       |       |     1 |    26 |    10 ||    37
  Use: Scroll            |     1 |     8 |     4 |    14 |    10 ||    37
       Potion            |       |     1 |       |     5 |     2 ||     8
 Stab: Invisible         |       |     3 |     5 |       |       ||     8
       Confused          |       |       |     2 |     3 |       ||     5
       Paralysed         |       |       |       |    13 |       ||    13
  Eat: Chunk             |     2 |     5 |     8 |    15 |    18 ||    48
       Ration            |       |     2 |       |     5 |     2 ||     9
Armor: Chain mail        |   116 |    18 |       |    25 |   822 ||   981
       Plate armour      |       |   333 |   267 |   815 |       ||  1415
Dodge: Dodged            |    32 |    46 |    43 |   338 |   688 ||  1147
       Deflected         |       |       |       |       |    10 ||    10
Block: Buckler           |    10 |    47 |    58 |   368 |       ||   483
       Reflection        |       |       |       |    17 |       ||    17
